 Dungeon Crawl Stone Soup version 0.18-b1-18-g7758cf2 (webtiles) character file.

53209 RudyRod the Thaumaturge (level 14, -1/98 HPs)
             Began as a Demonspawn Necromancer on May 1, 2016.
             Was a High Priest of Vehumet.
             Killed from afar by a raiju (8 damage)
             ... with a living lightning
             ... on level 2 of the Abyss on May 2, 2016.
             The game lasted 11:27:27 (30777 turns).

RudyRod the Thaumaturge (Demonspawn Necromancer)   Turns: 30777, Time: 11:27:28

Health: -1/98      AC: 13    Str:  8    XL:     14   Next: 30%
Magic:  4/24       EV: 25    Int: 24    God:    Vehumet [*****.]
Gold:   2107       SH:  0    Dex: 20    Spells: 8 memorised, 7 levels left

rFire  + + .     SeeInvis +     z - +9 whip "Bougofou" {slash, Str+3 SInv Stlth+}
rCold  + . .     Gourm    .     E - +2 robe {rF+}
rNeg   + . .     Faith    .     (no shield)
rPois  .         Spirit   .     q - +0 helmet
rElec  .         Dismiss  .     r - +1 cloak
rCorr  .         Reflect  .     y - +2 pair of gloves
SustAt .         Harm     .     J - +0 pair of boots
MR     +....                    j - amulet "Hyttean" {+Rage rF+ rC+ rN+ Slay+3}
Stlth  ++++++....               Z - ring of wizardry
                                a - +4 ring of intelligence

@: agile, somewhat resistant to hostile enchantments, very stealthy
A: claws 2, thin metallic scales 2, deformed body, low mp 2, nightstalker 1,
powered by pain 3, weak 2
a: Renounce Religion, Evoke Berserk Rage


You were on level 2 of the Abyss.
You worshipped Vehumet.
Vehumet was extremely pleased with you.
You were not hungry.

You visited 4 branches of the dungeon, and saw 20 of its levels.
You visited the Abyss 1 time.
You also visited: Ice Cave.

You collected 2157 gold pieces.
You spent 50 gold pieces at shops.

Inventory:

Hand Weapons
 z - the +9 whip "Bougofou" (weapon) {slash, Str+3 SInv Stlth+}
   (You found it on level 8 of the Dungeon)

   It inflicts extra damage upon your enemies.
   It affects your strength (+3).
   It lets you see invisible.
   It makes you more stealthy.
 U - the +4 hand crossbow "Wurocuj" {penet, +Inv rElec MR+}
   (You found it on level 8 of the Lair of Beasts)

   Ammo fired by it will pass through the targets it hits, potentially hitting
   all targets in its path until it reaches maximum range.
   It insulates you from electricity.
   It affects your resistance to hostile enchantments.
   It lets you turn invisible.
Missiles
 Q - a throwing net (quivered)
Armour
 q - a +0 helmet (worn)
 r - a +1 cloak (worn)
 y - a +2 pair of gloves (worn)
 D - a +3 chain mail
 E - a +2 robe of fire resistance (worn)
 J - a +0 pair of boots (worn)
Magical Staves
 Y - an uncursed staff of power
Jewellery
 a - a +4 ring of intelligence (left hand)
 j - the amulet "Hyttean" (around neck) {+Rage rF+ rC+ rN+ Slay+3}
   (You acquired it on level 8 of the Dungeon)

   [amulet of rage]

   It affects your accuracy and damage with ranged weapons and melee attacks
   (+3).
   It protects you from fire.
   It protects you from cold.
   It protects you from negative energy.
   It lets you go berserk.
 l - an uncursed ring of protection from fire
 w - an uncursed amulet of regeneration
 F - the ring of Robustness {AC+8}
   (You found it in an ice cave)

   [ring of protection]

   It affects your AC (+8).
 O - the ring of Diucwuan {MP+9 Int+4, unknown}
   (You found it on level 8 of the Lair of Beasts)

   [ring of magical power]

   It affects your intelligence (+4).
   It affects your magic capacity (+9).
 Z - a ring of wizardry (right hand)
Wands
 m - a wand of digging (12/24)
 L - a wand of flame (19/48)
Scrolls
 c - 2 scrolls of remove curse
 d - 3 scrolls of teleportation
 e - a scroll of fear
 f - 4 scrolls of fog
 o - 2 scrolls of recharging
 t - 2 scrolls of amnesia
 x - 5 scrolls of identify
 H - 3 scrolls of enchant weapon
Potions
 g - 2 potions of brilliance
 i - 5 potions of cancellation
 k - 3 potions of flight
 n - 3 potions of curing
 s - 2 potions of ambrosia {unknown}
 u - 2 potions of lignification
 I - 2 potions of agility
 K - 2 potions of resistance {unknown}
 M - a potion of beneficial mutation {unknown}
Books
 b - a book of Fire

   Spells                             Type                      Level
   a - Ignite Poison                  Fire/Transmutation/Poison    3
   b - Fireball                       Conjuration/Fire             5
   c - Bolt of Fire                   Conjuration/Fire             6
   d - Delayed Fireball               Conjuration/Fire             7
   e - Ring of Flames                 Charms/Fire                  7
 v - a book of Death

   Spells                             Type                      Level
   a - Corpse Rot                     Necromancy                   2
   b - Sublimation of Blood           Necromancy                   2
   c - Agony                          Necromancy                   5
   d - Dispel Undead                  Necromancy                   5
   e - Excruciating Wounds            Charms/Necromancy            5
   f - Bolt of Draining               Conjuration/Necromancy       5
 G - a book of Unlife

   Spells                             Type                      Level
   a - Recall                         Summoning/Translocation      3
   b - Animate Dead                   Necromancy                   4
   c - Control Undead                 Necromancy                   4
   d - Cigotuvi's Embrace             Necromancy                   5
   e - Death Channel                  Necromancy                   6
   f - Simulacrum                     Ice/Necromancy               6
Miscellaneous
 R - an ornate deck of defence
 S - a plain deck of changes {drawn: 2}
 T - a box of beasts
Comestibles
 h - a royal jelly
 A - 13 fruits
 B - 2 slices of pizza
 C - 9 meat rations
 P - 5 beef jerkies


   Skills:
 + Level 5.6 Fighting
   Level 0.3 Short Blades
 + Level 2.2(3.2) Maces & Flails
 + Level 3.4(3.8) Staves
 + Level 3.3 Throwing
 + Level 3.3 Armour
 + Level 8.7 Dodging
 + Level 5.7 Stealth
 + Level 3.3 Unarmed Combat
 + Level 13.0 Spellcasting
 + Level 8.3 Conjurations
 * Level 7.8 Summonings
 - Level 10.9 Necromancy
 * Level 5.3 Fire Magic


You had 7 spell levels left.
You knew the following spells:

 Your Spells              Type           Power        Failure   Level  Hunger
a - Pain                  Necr           ####         1%          1    None
b - Vampiric Draining     Necr           ######....   1%          3    None
c - Animate Dead          Necr           N/A          1%          4    None
d - Dispel Undead         Necr           ######..     1%          5    ###....
e - Bolt of Draining      Conj/Necr      ######....   1%          5    ###....
f - Summon Greater Demon  Summ           ######....   71%         7    ######.
g - Magic Dart            Conj           ####         1%          1    None
h - Bolt of Fire          Conj/Fire      #####.....   4%          6    #####..


Dungeon Overview and Level Annotations

Branches:
Dungeon (10/15)            Temple (1/1) D:7            Lair (8/8) D:8
  Swamp (1/4) Lair:3        Snake (0/4) Lair:5        Slime (0/6) Lair:7
    Orc: D:9-12

Altars:
Cheibriados
Dithmenos
Elyvilon
Fedhas
Gozag
Kikubaaqudgha
Pakellas
Qazlal
Ru
Sif Muna
Trog
Vehumet
Xom
Yredelemnul
Zin
The Shining One
Jiyva

Shops:
D:4 ?   D:8 =

Annotations:
Lair:3 Louise
Lair:5 exclusion: black mamba


Innate Abilities, Weirdness & Mutations

You have very sharp fingernails.
You are mostly covered in thin metallic scales (AC +3).
You are slightly more attuned to the shadows.
You are powered by pain.
[Armour fits poorly on your strangely shaped body.]
[Your magical capacity is very low (-20% MP).]
[You are very weak. (Str -4)]


Message History

The raiju pauses to sniff the ground.
The raiju bursts into living lightning!
The living lightning misses you.
The living lightning hits the raiju.
The raiju completely resists.
The living lightning hits the raiju.
The raiju completely resists.
The raiju blinks!
You whack the raiju!
The raiju is almost dead.
The raiju misses you.
The raiju bursts into living lightning!
The living lightning misses the raiju.
The living lightning hits the raiju.
The raiju completely resists.
The living lightning hits you!
* * * LOW HITPOINT WARNING * * *
The living lightning misses you.
The raiju blinks! x5
The raiju bursts into living lightning!
The living lightning misses the raiju.
The living lightning hits you!
* * * LOW HITPOINT WARNING * * *
The living lightning misses you.
The raiju blinks! x4
The raiju bursts into living lightning!
The living lightning hits you!
You die...

. # ###.
### # #.
#.#x### #.z
♣ #####
...#§.# .#
♣ ##
#.hh##h..#.
.# . #.
#h@# .#..#
.
..##§####.
##. z z ♣ #
##.# .....#
.# . . .##
h#..# # ♣♣
## ## # ♣.
##. .. ♣.
.# . . ..
.# # ..


You could see 4 raiju and a small abomination (wandering).

Vanquished Creatures
  6 hydras
  2 catoblepae (Lair:8)
  2 ice dragons (IceCv)
  6 death yaks (Lair:8)
  A fire crab (Lair:8)
  An oklob plant (Lair:2)
  3 griffons
  12 elephants
  4 black mambas
  2 ice statues (IceCv)
  12 spiny frogs
  6 komodo dragons
  A rime drake (Lair:8)
  A polar bear (D:10)
  2 giant leeches (Lair:3)
  Prince Ribbit (D:7)
  A queen bee (Lair:2)
  A troll (D:10)
  16 blink frogs
  A raiju (Abyss:2)
  A flying skull (Abyss:2)
  A wraith (D:8)
  A wyvern (Lair:8)
  39 yaks
  2 basilisks
  8 hippogriffs
  Eustachio (D:5)
  A hungry ghost (D:8)
  6 swamp worms (Lair:3)
  7 water moccasins
  The ghost of skk the Ruffian, an amateur VSMo (D:4)
  10 porcupines
  Duvessa (D:7)
  3 hell hounds
  4 orc warriors
  2 sky beasts
  A swamp drake (Swamp:1)
  19 ice beasts
  A black bear (D:8)
  11 wolves
  3 ogres
  14 crocodiles
  Blork the orc (D:4)
  The ghost of RexLacerta the Gusty, an amateur TeAE (D:3)
  11 giant frogs
  An elf zombie (D:8)
  Dowan (D:7)
  A troll zombie (D:8)
  2 scorpions
  2 wights (D:8)
  27 killer bees
  An electric eel (Lair:3)
  3 crimson imps
  3 howler monkeys (D:8)
  A giant frog zombie (D:10)
  A centaur zombie (D:10)
  9 hounds
  3 human zombies (D:8)
  5 orc priests
  A giant frog skeleton (D:10)
  10 iguanas
  Ijyb (D:3)
  10 orc wizards
  A human skeleton (D:8)
  4 worker ants
  14 sheep (Lair:5)
  2 hound skeletons
  3 mummies (D:8)
  A worker ant zombie (D:10)
  12 adders
  A howler monkey skeleton (D:8)
  94 river rats
  A shadow imp (D:5)
  3 white imps
  2 ufetubi
  3 oozes
  An adder zombie (D:9)
  An adder skeleton (D:6)
  A worm (D:2)
  A dart slug (D:2)
  5 giant geckos
  30 orcs
  7 giant cockroaches
  16 goblins
  12 hobgoblins
  8 jackals
  3 quokkas
  2 ball pythons
  A ball python skeleton (D:5)
  5 bats
  2 giant newts
  6 kobolds
  An orc zombie (D:8)
  A quokka skeleton (D:8)
  7 rats
  A plant (Lair:2)
565 creatures vanquished.

Vanquished Creatures (collateral kills)
  A catoblepas (Lair:8)
  4 death yaks (Lair:8)
  3 elephants (Lair:7)
  2 komodo dragons
  A blink frog (Lair:7)
  10 yaks
  A basilisk (Lair:8)
  4 wyverns (Lair:8)
  6 hippogriffs
  A hell hound (Lair:8)
  A water moccasin (Lair:7)
  2 crocodiles (Lair:3)
  A giant frog (Lair:3)
  2 killer bees (D:8)
  A crimson imp (D:5)
  An orc priest (D:6)
  2 orc wizards
  5 sheep (Lair:7)
  6 river rats (Lair:3)
  3 orcs
  2 fungi
  A plant (Lair:8)
60 creatures vanquished.

Vanquished Creatures (others)
  29 fungi
  A lurking horror (Abyss:2)
  6 plants
36 creatures vanquished.

Grand Total: 661 creatures vanquished

Notes
Turn   | Place    | Note
--------------------------------------------------------------
     0 | D:1      | RudyRod the Demonspawn Necromancer began the quest for the Orb.
     0 | D:1      | Reached XP level 1. HP: 13/13 MP: 3/3
   209 | D:1      | Gained mutation: You are partially covered in thin metallic scales (AC +2). [demonic ancestry]
   209 | D:1      | Reached XP level 2. HP: 16/19 MP: 3/5
   593 | D:1      | Reached skill level 5 in Necromancy
   893 | D:1      | Reached XP level 3. HP: 24/24 MP: 4/6
  2366 | D:2      | Reached skill level 3 in Spellcasting
  2724 | D:3      | Gained mutation: You are mostly covered in thin metallic scales (AC +3). [demonic ancestry]
  2724 | D:3      | Reached XP level 4. HP: 29/30 MP: 5/8
  2920 | D:3      | Noticed Ijyb
  2941 | D:3      | Killed Ijyb
  3209 | D:3      | Found a glowing golden altar of the Shining One.
  3251 | D:3      | Gained mutation: You sometimes gain a little power by taking damage. [demonic ancestry]
  3251 | D:3      | Reached XP level 5. HP: 30/35 MP: 3/10
  3435 | D:3      | Found a glowing silver altar of Zin.
  3436 | D:3      | Noticed RexLacerta's ghost (amateur TeAE)
  3892 | D:4      | Learned a level 3 spell: Vampiric Draining
  3901 | D:4      | Reached skill level 4 in Spellcasting
  4091 | D:4      | Noticed an ogre
  4104 | D:4      | Learned a level 4 spell: Animate Dead
  4394 | D:4      | Reached XP level 6. HP: 37/41 MP: 6/12
  4658 | D:4      | Found Takurph's Magic Scroll Shop.
  4663 | D:4      | Bought a scroll of identify for 20 gold pieces
  4663 | D:4      | Bought a scroll of remove curse for 30 gold pieces
  4799 | D:4      | Noticed skk's ghost (amateur VSMo)
  5185 | D:2      | Learned a level 5 spell: Dispel Undead
  5309 | D:3      | Killed RexLacerta's ghost
  5765 | D:4      | Killed skk's ghost
  5765 | D:4      | Reached skill level 5 in Spellcasting
  5765 | D:4      | Gained mutation: You are slightly more attuned to the shadows. [demonic ancestry]
  5765 | D:4      | Reached XP level 7. HP: 35/46 MP: 8/14
  6041 | D:4      | Reached skill level 6 in Spellcasting
  6041 | D:4      | Reached XP level 8. HP: 60/60 MP: 14/17
  6048 | D:4      | Learned a level 5 spell: Bolt of Draining
  6083 | D:5      | Entered Level 5 of the Dungeon
  6145 | D:5      | Noticed Eustachio
  6154 | D:5      | Noticed Blork the orc
  6175 | D:4      | Killed Blork the orc
  6374 | D:5      | Killed Eustachio
  7496 | D:6      | Found a shimmering altar of Xom.
  7496 | D:6      | Found a blossoming altar of Fedhas.
  7512 | D:6      | Reached skill level 1 in Conjurations
  7729 | D:6      | Found an opulent altar of Gozag.
  8538 | D:7      | Found a staircase to the Ecumenical Temple.
  8574 | Temple   | Entered the Ecumenical Temple
  8679 | Temple   | Became a worshipper of Vehumet
  9121 | D:7      | Reached XP level 9. HP: 55/65 MP: 8/19
  9342 | D:7      | Noticed Prince Ribbit
  9357 | D:7      | Killed Prince Ribbit
  9576 | D:7      | Noticed Duvessa
  9578 | D:7      | Noticed Dowan
  9584 | D:7      | Killed Duvessa
  9589 | D:7      | Killed Dowan
  9589 | D:7      | Reached skill level 7 in Spellcasting
 10073 | D:8      | Found Jeofac's Jewellery Shoppe.
 10097 | D:8      | Found an opulent altar of Gozag.
 10256 | D:8      | Found a basalt altar of Yredelemnul.
 10977 | D:8      | Reached skill level 5 in Dodging
 10977 | D:8      | Reached skill level 10 in Necromancy
 11254 | D:8      | Found a staircase to the Lair.
 11706 | D:8      | Got an iridescent whip
 11707 | D:8      | Identified the +9 whip "Bougofou" {slash, Str+3 SInv Stlth+} (You found it on level 8 of the Dungeon)
 11796 | D:8      | Reached * piety under Vehumet
 11796 | D:8      | Offered knowledge of Freeze by Vehumet.
 12073 | D:8      | Gained mutation: You have sharp fingernails. [demonic ancestry]
 12073 | D:8      | Reached XP level 10. HP: 55/71 MP: 9/21
 12597 | D:8      | Identified a scroll of acquirement
 12598 | D:8      | Got a slimy amethyst amulet
 12599 | D:8      | Identified the amulet "Hyttean" {+Rage rF+ rC+ rN+ Slay+3} (You acquired it on level 8 of the Dungeon)
 13165 | D:9      | Found a shadowy altar of Dithmenos.
 13328 | D:9      | Found an oddly glowing altar of Pakellas.
 13328 | D:9      | Found a white marble altar of Elyvilon.
 13329 | D:9      | Found a sacrificial altar of Ru.
 13793 | D:10     | Entered Level 10 of the Dungeon
 14142 | D:10     | Reached skill level 8 in Spellcasting
 14776 | Lair:1   | Entered Level 1 of the Lair of Beasts
 14786 | Lair:1   | Noticed a spiny frog
 14791 | Lair:1   | Killed a spiny frog
 14868 | Lair:1   | Noticed a five-headed hydra
 14939 | Lair:1   | You fall through a shaft!
 14950 | Lair:2   | Noticed a spiny frog
 14960 | Lair:2   | Killed a spiny frog
 15078 | Lair:2   | Learned a level 7 spell: Summon Greater Demon
 15214 | Lair:1   | Noticed a spiny frog
 15219 | Lair:1   | Killed a spiny frog
 15300 | Lair:1   | Reached ** piety under Vehumet
 15300 | Lair:1   | Offered knowledge of Magic Dart by Vehumet.
 15300 | Lair:1   | Reached skill level 5 in Conjurations
 15300 | Lair:1   | Gained mutation: You sometimes gain power by taking damage. [demonic ancestry]
 15300 | Lair:1   | Reached XP level 11. HP: 74/77 MP: 7/23
 15393 | Lair:1   | Learned a level 1 spell: Magic Dart
 15419 | Lair:1   | Reached skill level 1 in Summonings
 15868 | Lair:1   | Upgraded the game from 0.18-b1-16-g289874d to 0.18-b1-18-g7758cf2
 15987 | Lair:1   | Reached skill level 9 in Spellcasting
 16435 | Lair:2   | Offered knowledge of Dazzling Spray by Vehumet.
 16544 | Lair:2   | Found a blossoming altar of Fedhas.
 16555 | Lair:2   | Noticed an oklob plant
 16729 | Lair:2   | Noticed a four-headed hydra
 16738 | Lair:2   | Killed a four-headed hydra
 16814 | Lair:2   | Reached *** piety under Vehumet
 17220 | Lair:2   | Offered knowledge of Stone Arrow by Vehumet.
 18386 | Lair:2   | Reached **** piety under Vehumet
 18817 | Lair:3   | Noticed a seven-headed hydra
 18822 | Lair:3   | Killed a seven-headed hydra
 18822 | Lair:3   | Reached skill level 10 in Spellcasting
 19005 | Lair:3   | Found a frozen archway.
 19015 | IceCv    | Entered an ice cave
 19029 | IceCv    | Offered knowledge of Ignite Poison by Vehumet.
 20011 | IceCv    | Gained mutation: You are powered by pain. [demonic ancestry]
 20011 | IceCv    | Reached XP level 12. HP: 82/83 MP: 15/26
 20057 | IceCv    | Noticed an ice dragon
 20057 | IceCv    | Noticed an ice dragon
 20179 | IceCv    | Killed an ice dragon
 20275 | IceCv    | Killed an ice dragon
 20703 | Lair:3   | Found a staircase to the Swamp.
 20995 | D:8      | Gained mutation: You have a pair of small horns on your head. [potion of mutation]
 20995 | D:8      | Gained mutation: You are agile. (Dex +2) [potion of mutation]
 20995 | D:8      | Gained mutation: Your body sometimes deteriorates upon taking damage. [potion of mutation]
 20996 | D:8      | Lost mutation: Your body sometimes deteriorates upon taking damage. [potion of cure mutation]
 20996 | D:8      | Lost mutation: You have a pair of small horns on your head. [potion of cure mutation]
 20996 | D:8      | Lost mutation: You are agile. (Dex +2) [potion of cure mutation]
 21172 | Lair:1   | Killed a five-headed hydra
 21483 | Lair:3   | Reached skill level 11 in Spellcasting
 21610 | Lair:3   | Learned a level 6 spell: Bolt of Fire
 22294 | Lair:4   | Reached skill level 1 in Fire Magic
 22303 | Lair:4   | Reached ***** piety under Vehumet
 22665 | Lair:4   | Offered knowledge of Ozocubu's Refrigeration by Vehumet.
 22769 | Lair:4   | Reached skill level 5 in Summonings
 24178 | Lair:5   | Found a staircase to the Snake Pit.
 24642 | Lair:5   | Reached skill level 5 in Stealth
 25110 | Lair:5   | Reached skill level 1 in Maces & Flails
 25570 | Lair:6   | Reached XP level 13. HP: 77/90 MP: 8/28
 26926 | Lair:7   | Found a viscous altar of Jiyva.
 26927 | Lair:7   | Found a staircase to the Slime Pits.
 26975 | Lair:7   | Offered knowledge of Lee's Rapid Deconstruction by Vehumet.
 27047 | Lair:7   | Reached skill level 12 in Spellcasting
 27528 | Lair:8   | Entered Level 8 of the Lair of Beasts
 27580 | Lair:8   | Reached skill level 5 in Fighting
 29222 | Lair:8   | Gained mutation: You have very sharp fingernails. [demonic ancestry]
 29222 | Lair:8   | Reached XP level 14. HP: 83/98 MP: 18/30
 29248 | Lair:8   | Reached skill level 5 in Fire Magic
 29466 | Lair:8   | Offered knowledge of Lightning Bolt by Vehumet.
 29555 | Lair:8   | Got a glittering brass ring
 29557 | Lair:8   | Got a brightly glowing hand crossbow
 29562 | Lair:8   | Identified the +4 hand crossbow "Wurocuj" {penet, +Inv rElec MR+} (You found it on level 8 of the Lair of Beasts)
 30143 | Swamp:1  | Entered Level 1 of the Swamp
 30145 | Swamp:1  | Noticed Louise
 30403 | Lair:3   | Reached skill level 13 in Spellcasting
 30442 | Lair:3   | Cast into level 2 of the Abyss (Louise)
 30713 | Abyss:2  | Found a corrupted altar of Lugonu.
 30745 | Abyss:2  | Noticed a red very ugly thing
 30777 | Abyss:2  | Killed from afar by a raiju

Skill      XL: |  1  2  3  4  5  6  7  8  9 10 11 12 13 14 |
---------------+-------------------------------------------+-----
Necromancy     | 5 6 9 10 | 10.9
Spellcasting   | 3 4 5 6 7 8 10 11 12 13 | 13.0
Stealth        | 2 4 5 |  5.7
Dodging        | 2 4 5 6 7 8 |  8.7
Fighting       | 3 4 5 |  5.6
Staves         | 3 |  3.4
Throwing       | 3 |  3.3
Armour         | 3 |  3.3
Unarmed Combat | 3 |  3.3
Conjurations   | 1 3 5 6 7 8 |  8.3
Summonings     | 3 5 7 |  7.8
Fire Magic     | 2 4 5 |  5.3
Maces & Flails | 1 2 |  2.2
Short Blades   | |  0.3

Action                   |  1- 3 |  4- 6 |  7- 9 | 10-12 | 13-15 || total
-------------------------+-------+-------+-------+-------+-------++-------
Melee: Unarmed           |     1 |       |       |       |       ||     1
       Dagger            |     1 |       |       |       |       ||     1
       Short sword       |     8 |     6 |    55 |       |       ||    69
       Staff             |       |    35 |   321 |       |       ||   356
       Punch             |       |       |     5 |     2 |     3 ||    10
       Whip              |       |       |     2 |   264 |   245 ||   511
 Cast: Pain              |    88 |    90 |   235 |   425 |    78 ||   916
       Vampiric Draining |       |     3 |    17 |    26 |     7 ||    53
       Animate Dead      |       |     1 |     6 |     6 |    20 ||    33
       Dispel Undead     |       |     3 |    23 |     7 |       ||    33
       Bolt of Draining  |       |       |     3 |   173 |   115 ||   291
       Magic Dart        |       |       |       |    38 |       ||    38
       Bolt of Fire      |       |       |       |     3 |     9 ||    12
Evoke: Deck              |       |       |       |       |     2 ||     2
  Use: Potion            |       |     4 |     4 |    12 |     8 ||    28
       Scroll            |       |     1 |     7 |    18 |     3 ||    29
 Stab: Sleeping          |       |       |     5 |     2 |     4 ||    11
       Distracted        |       |       |     1 |     2 |     3 ||     6
  Eat: Chunk             |     2 |     8 |    12 |    23 |    15 ||    60
       Bread ration      |     1 |     1 |     3 |     8 |     1 ||    14
       Fruit             |       |       |     4 |     3 |     1 ||     8
       Royal jelly       |       |       |       |     6 |     4 ||    10
       Beef jerky        |       |       |       |     1 |     2 ||     3
       Pizza             |       |       |       |     1 |       ||     1
Armor: Robe              |     5 |    32 |   175 |   192 |   114 ||   518
Dodge: Dodged            |    16 |    43 |   362 |   492 |   319 ||  1232
